 Dungeon Crawl Stone Soup version 0.29-a0-110-g189f89ecda (webtiles) character file.

Game seed: 17333306242877170844

387 Gargoyl the Skirmisher (level 6, -3/40 HPs)
             Began as a Gargoyle Abyssal Knight on Feb 17, 2022.
             Was a Believer of Lugonu.
             Slain by Duvessa (5 damage)
             ... on level 4 of the Dungeon.
             The game lasted 00:03:44 (2468 turns).

Gargoyl the Skirmisher (Gargoyle Abyssal Knight)    Turns: 2468, Time: 00:03:44

Health: -3/40      AC: 31    Str: 19    XL:     6   Next: 78%
Magic:  7/7        EV:  5    Int: 10    God:    Lugonu [**....]
Gold:   101        SH:  5    Dex: 10    Spells: 5/5 levels left

rFire   . . .      SeeInvis .   a - +1 hand axe
rCold   . . .      Faith    .   g - +2 buckler
rNeg    + . .      Spirit   .   f - +15 Maxwell's patent armour {-Cast -Tele rElec Will+ rCorr}
rPois   ∞          Reflect  .   (no helmet)
rElec   +          Harm     .   (no cloak)
rCorr   +          Rampage  .   (no gloves)
Will    +....      NoTele   +   (no boots)
Stlth   .......... NoCast   +   (no amulet)
HPRegen 0.13/turn               (no ring)
MPRegen 0.10/turn               (no ring)

@: flying
A: sickness immunity, AC +4, negative energy resistance 1, electricity
resistance, torment resistance 1, petrification resistance
a: Renounce Religion, Depart the Abyss, Bend Space


You were on level 4 of the Dungeon.
You worshipped Lugonu.
Lugonu was pleased with you.
You visited 1 branch of the dungeon, and saw 5 of its levels.
You visited the Abyss 1 time.

You collected 101 gold pieces.

Inventory:

Hand Weapons
 a - a +1 hand axe (weapon)
Missiles
 e - a poisoned dart (quivered)
Armour
 f - the +15 Maxwell's patent armour (worn) {-Cast -Tele rElec Will+ rCorr}
   (You acquired it on level 2 of the Dungeon)

   rElec:     It insulates you from electricity.
   -Cast:     It prevents spellcasting.
   -Tele:     It prevents most forms of teleportation.
   rCorr:     It protects you from acid and corrosion.
   Will:      It increases your willpower.
 g - a +2 buckler (worn)
Potions
 b - a potion of flight
 d - a potion of magic


   Skills:
 + Level 4.9 Fighting
 + Level 3.9 Axes
 + Level 4.1 Armour
 + Level 1.6 Dodging
 + Level 0.3 Stealth
 + Level 1.3 Shields
 + Level 2.1 Invocations


You had 5 spell levels left.
You didn't know any spells.
Your spell library contained the following spells:

 Spells                   Type           Power      Damage    Failure   Level
 Summon Small Mammal      Summ           0%         N/A       100%        1
 Call Canine Familiar     Summ           0%         N/A       100%        3
 Inner Flame              Hex/Fire       0%         N/A       100%        3
 Summon Guardian Golem    Hex/Summ       0%         N/A       100%        3
 Cause Fear               Hex            0%         N/A       100%        4
 Discord                  Hex            0%         N/A       100%        8


Dungeon Overview and Level Annotations

Branches:
Dungeon (5/15)
 Temple: D:4-7

Altars:

Annotations:
D:4 Duvessa


Innate Abilities, Weirdness & Mutations

You are immune to sickness and miasma.
Your stone body is resilient. (AC +4)
You are immune to poison.
You resist negative energy. (rN+)
You are resistant to electric shocks. (rElec)
You are resistant to unholy torment.
You are immune to petrification.


Message History

Duvessa hits you but does no damage.
You closely miss Duvessa.
Duvessa is lightly wounded.
Duvessa hits you but does no damage. x2
You hit Duvessa but do no damage.
Duvessa is moderately wounded.
Duvessa hits you with a +0 short sword! x2
* * * LOW HITPOINT WARNING * * *
You see here a +0 giant club.
You feel better. Duvessa barely misses you.
Duvessa hits you but does no damage. Space bends around you!
You blink.
Throw: 2 darts (poison)
Press: ? - help, Q - select action, (/) - cycle Shift-Dir - straight line, f/p - Duvessa
Aim: Duvessa, wielding a +0 short sword and wearing a +3 scale mail of positive energy (moderately wounded, berserk, poisoned, 65% to hit)
You throw a poisoned dart. The poisoned dart hits Duvessa.
Duvessa is moderately wounded.
You block Duvessa's attack.
You slash Duvessa!
Duvessa is moderately wounded.
Duvessa hits you but does no damage. Duvessa hits you with a +0 short sword.
It was a potion of flight.
You feel very buoyant.
You fly up into the air.
Duvessa hits you but does no damage.
It was a potion of magic.
Magic courses through your body. Duvessa hits you with a +0 short sword!
* * * LOW HITPOINT WARNING * * *
Duvessa barely misses you.
You feel better.
Duvessa looks more healthy.
Duvessa hits you but does no damage. Duvessa hits you but does no damage.
Duvessa rages.
Duvessa rages.
Duvessa hits you with a +0 short sword!
* * * LOW HITPOINT WARNING * * *
Unknown command.
Duvessa hits you but does no damage.
Found 24 bolts.
Duvessa hits you with a +0 short sword.
You die...

#.###.##
#...###.#.§ #.#
#..# #..## #
#.###..# #..#
#......# #..##
#####..# #...#
#>.# #.#.# #[.#
#.#.# #..# #.#e#
#..# #.#@#
#.................
#...######.##..##.
#.... ..# .#
#.#.## ... .. ##.#
## #(. .#.


You could see Duvessa (berserk).

Vanquished Creatures
  An ogre (D:4)
  A phantom (D:5)
  A centaur (D:5)
  Dowan (D:4)
  3 gnolls (D:3)
  An adder (D:2)
  4 endoplasms
  A giant cockroach (D:2)
  14 goblins
  8 hobgoblins
  3 jackals (D:2)
  6 kobolds
  A quokka (D:2)
  6 ball pythons
  5 bats
  3 frilled lizards (D:1)
  A quokka skeleton (D:4)
  3 rats
63 creatures vanquished.

Notes
Turn   | Place    | Note
-------+----------+-------------------------------------------
     0 | Abyss:1  | Gargoyl the Gargoyle Abyssal Knight began the quest for the
                  | Orb.
     0 | Abyss:1  | Reached XP level 1. HP: 14/14 MP: 2/2
    30 | Abyss:1  | Noticed a green death
    31 | D:1      | Escaped the Abyss
   160 | D:1      | Found a faded altar of an unknown god.
   242 | D:1      | Reached * piety under Lugonu
   283 | D:1      | Reached XP level 2. HP: 11/19 MP: 3/3
   645 | D:1      | Reached skill level 1 in Dodging
  1149 | D:2      | Reached XP level 3. HP: 21/24 MP: 4/4
  1209 | D:2      | Identified a scroll of acquirement
  1209 | D:2      | Acquired the +15 Maxwell's patent armour {-Cast -Tele rElec
                  | Will+ rCorr}
  1209 | D:2      | Found the +15 Maxwell's patent armour {-Cast -Tele rElec
                  | Will+ rCorr}
  1724 | D:3      | Reached ** piety under Lugonu
  1725 | D:3      | Reached XP level 4. HP: 29/29 MP: 5/5
  2087 | D:3      | You fall into a shaft and drop 2 floors!
  2087 | D:5      | Entered Level 5 of the Dungeon
  2114 | D:5      | Noticed a phantom
  2134 | D:5      | Killed a phantom
  2135 | D:5      | Reached XP level 5. HP: 26/33 MP: 6/6
  2148 | D:5      | Noticed a centaur
  2159 | D:5      | Killed a centaur
  2160 | D:5      | Reached skill level 1 in Shields
  2160 | D:5      | Reached XP level 6. HP: 28/39 MP: 7/7
  2305 | D:4      | Noticed Duvessa
  2310 | D:4      | Noticed Dowan
  2354 | D:4      | Killed Dowan
  2465 | D:4      | HP: 1/40 [Duvessa (11)]
  2468 | D:4      | Slain by Duvessa

Illustrated notes

Levels and vault maps discovered:
D:1:      eino_arrival_cavern_a, layout_basic,
          shapermc_ecumenical_altar_totnotflames
D:2:      layout_basic
D:3:      layout_basic, mainiacjoe_overflow_concentric_impassable,
          serial_corexii_hall, corexii_hall_statues_l, corexii_hall_statues_u,
          uniq_robin
D:4:      layout_loops_ring, serial_shops, nicolae_shop_hallway_plus,
          kennysheep_crisscross, uniq_grinder, uniq_duvessa, uniq_ijyb
D:5:      layout_loops_ring, zin_statuary, gammafunk_temple_overflow_elements,
          gammafunk_ghost_nasty_kobolds, enter_ossuary_2, uniq_pikel

Skill      XL: |  1  2  3  4  5 |
---------------+----------------+-----
Axes           | 2 3 |  3.9
Dodging        | 1 |  1.6
Fighting       | 4 |  4.9
Armour         | 3 4 |  4.1
Shields        | 1 |  1.3
Stealth        | |  0.3
Invocations    | |  2.1

Action                   |  1- 3 |  4- 6 || total
-------------------------+-------+-------++-------
Melee: Hand axe          |    86 |   102 ||   188
       Punch             |     1 |       ||     1
Throw: Dart              |       |     6 ||     6
Invok: Depart the Abyss  |     1 |       ||     1
       Bend Space        |       |     1 ||     1
  Use: Scroll            |     3 |     2 ||     5
       Potion            |       |     4 ||     4
Armor: Leather armour    |    31 |       ||    31
       Plate armour      |    39 |    90 ||   129
Dodge: Dodged            |    53 |    33 ||    86
Block: Buckler           |     6 |    23 ||    29

Table legend: (Time is in decaauts)
 A = Elapsed time spent in this place.
 B = Non-inter-level travel time spent in this place.
 C = Inter-level travel time spent in this place.
 D = Time resting spent in this place.
 E = Time spent auto-exploring this place.
 F = Levels seen in this place.
 G = Mean time per level.
                   A        B        C        D        E       F      G
               +--------+--------+--------+--------+--------+-----+--------+
         Total |   2505 |   2446 |     59 |     81 |   1807 |   6 |  417.5 |
       Dungeon |   2474 |   2415 |     59 |     81 |   1778 |   5 |  494.8 |
         Abyss |     31 |     31 |      0 |      0 |     29 |   1 |   31.0 |
               +--------+--------+--------+--------+--------+-----+--------+

Top non-repeatable levels by time:
     D:1: 1115 daAuts
     D:2: 588 daAuts
     D:3: 379 daAuts
     D:4: 197 daAuts
     D:5: 193 daAuts
 Abyss:1: 31 daAuts
